 Dungeon Crawl Stone Soup version 0.20.1-1-g8b1a95d (webtiles) character file.

109 Linguinho the Ruffian (level 4, -1/44 HPs)
             Began as a Troll Monk on Oct 28, 2017.
             Slain by Edmund
             ... wielding a +2 flail of crushing
              (2 damage)
             ... on level 4 of the Dungeon.
             The game lasted 00:04:08 (1632 turns).

Linguinho the Ruffian (Troll Monk)                  Turns: 1632, Time: 00:04:09

Health: -1/44      AC:  5    Str: 20    XL:     4   Next: 60%
Magic:  3/3        EV: 11    Int:  6    God:
Gold:   84         SH:  0    Dex: 12    Spells: 3/3 levels left

rFire    . . .     SeeInvis .     - Unarmed
rCold    . . .     Gourm    +   (no shield)
rNeg     . . .     Faith    .   a - +0 robe
rPois    .         Spirit   .   (helmet restricted)
rElec    .         Reflect  .   (no cloak)
rCorr    .         Harm     .   (gloves unavailable)
MR       .....                  (boots unavailable)
Stlth    ++........             (no amulet)
Regen    0.6/turn               (no ring)
MPRegen  0.1/turn               (no ring)

@: no status effects
A: unfitting armour, claws 3, fast metabolism 3, gourmand, regeneration 1,
shaggy fur 1, tough skin 2
a: no special abilities


You were on level 4 of the Dungeon.
You were not hungry.

You visited 1 branch of the dungeon, and saw 4 of its levels.

You collected 84 gold pieces.

Inventory:

Armour
 a - a +0 robe (worn)
Jewellery
 f - a cursed ring of loudness {unknown}
Scrolls
 c - a scroll of fear {unknown}
 d - a scroll of teleportation {unknown}
 e - 2 scrolls of recharging {unknown}
 g - a scroll of remove curse {unknown}
 k - 2 scrolls of identify {unknown}
 r - a scroll of magic mapping {unknown}
 t - 2 scrolls of amnesia {unknown}
Potions
 h - a potion of ambrosia {unknown}
 i - 3 potions of curing {unknown}
 j - a potion of heal wounds {unknown}
 m - a potion of flight {unknown}
 n - a potion of cancellation {unknown}
 o - a potion of lignification {unknown}
 p - a potion of degeneration {unknown}
 s - a potion of brilliance {unknown}
Comestibles
 b - 2 bread rations
 l - a meat ration
 q - a fruit


   Skills:
 + Level 2.8 Fighting
 + Level 3.1 Dodging
 + Level 1.3 Stealth
 + Level 4.1 Unarmed Combat


You had 3 spell levels left.
You didn't know any spells.

Dungeon Overview and Level Annotations

Branches:
Dungeon (4/15)
 Temple: D:4-7

Altars:

Annotations:
D:4 Edmund


Innate Abilities, Weirdness & Mutations

You are too large for most types of armour.
You have claws for hands.
Your metabolism is lightning-fast.
You like to eat raw meat.
Your natural rate of healing is unusually fast.
You are covered in fur. (AC +1)
You have very tough skin. (AC +2)


Message History

You are too injured to fight recklessly!
You are too injured to fight recklessly!
You are too injured to fight recklessly!
You are too injured to fight recklessly!
You are too injured to fight recklessly!
You are too injured to fight recklessly!
You are too injured to fight recklessly!
You are too injured to fight recklessly!
You scratch Edmund but do no damage.
Edmund is heavily wounded.
You scratch Edmund but do no damage.
Edmund is heavily wounded.
Edmund hits you with a flail of crushing.
You scratch Edmund.
Edmund is heavily wounded.
Edmund hits you with a flail of crushing!
* * * LOW HITPOINT WARNING * * *
x2 Edmund hits you with a flail of crushing!
* * * LOW HITPOINT WARNING * * *
You die...

.... ##...
#.... ....
... ## #.#.##
#.#.# #Z@.#
#..@######
#.###.#.(<#
...
#.#.>.#####.#
#.#.
#...........#
#.#.
###...#######
# #. ##.## #.
#.# #. #.#
#.#


You could see Edmund and a bullfrog zombie.

Vanquished Creatures
  Terence (D:2)
  An adder (D:3)
  A gnoll (D:1)
  A howler monkey skeleton (D:4)
  An ooze (D:1)
  A worm (D:3)
  2 leopard geckos
  An orc (D:3)
  2 giant cockroaches
  3 goblins
  9 hobgoblins
  2 jackals (D:2)
  A ball python (D:3)
  6 bats
  4 frilled lizards
  4 kobolds
  5 rats
45 creatures vanquished.

Notes
Turn   | Place    | Note
-------+----------+-------------------------------------------
     0 | D:1      | Linguinho the Troll Monk began the quest for the Orb.
     0 | D:1      | Reached XP level 1. HP: 22/22 MP: 0/0
    78 | D:1      | Reached XP level 2. HP: 24/29 MP: 1/1
   429 | D:1      | Reached XP level 3. HP: 36/36 MP: 2/2
   640 | D:2      | Noticed Terence
   648 | D:2      | Killed Terence
   826 | D:2      | Reached XP level 4. HP: 44/44 MP: 3/3
  1248 | D:3      | Reached skill level 4 in Unarmed Combat
  1618 | D:4      | Noticed Edmund
  1632 | D:4      | HP: 1/44 [Edmund/flail of crushing (8)]
  1632 | D:4      | Slain by Edmund

Skill      XL: |  1  2  3  4 |
---------------+-------------+-----
Dodging        | 3 |  3.1
Unarmed Combat | 4 |  4.1
Fighting       | |  2.8
Stealth        | |  1.3

Action                   |  1- 3 |  4- 6 || total
-------------------------+-------+-------++-------
Melee: Unarmed           |    61 |    61 ||   122
       Punch             |     1 |     1 ||     2
 Stab: Sleeping          |     1 |     2 ||     3
  Eat: Chunk             |    10 |     5 ||    15
Armor: Robe              |    23 |    11 ||    34
Dodge: Dodged            |    47 |    31 ||    78
